 Dungeon Crawl Stone Soup version 0.31-a0-1027-gfb7600b534 (webtiles) character file.

Game seed: 7779655983976704691

23 Avanven the Shield-Bearer (level 2, 0/29 HPs)
             Began as a Troll Fighter on Nov 17, 2023.
             Slain by a kobold
             ... wielding a +0 short sword
              (1 damage)
             ... on level 2 of the Dungeon.
             The game lasted 00:01:26 (817 turns).

Avanven the Shield-Bearer (Troll Fighter)            Turns: 817, Time: 00:01:27

Health: 0/29       AC:  4    Str: 23    XL:     2   Next: 75%
Magic:  1/1        EV:  8    Int:  4    God:
Gold:   34         SH:  7    Dex:  9    Spells: 1/1 levels left

rFire   . .          .
                       - Unarmed
rCold   . . .        b - +0 kite shield
rNeg    . . .        a - +0 robe
rPois   .            (helmet restricted)
rElec   .            (no cloak)
rCorr   .            (gloves unavailable)
SInv    .            (boots unavailable)
Will    .....        (no amulet)
Stlth   +            (no ring)
HPRegen 1.04/turn    (no ring)
MPRegen 0.07/turn

%: no passive effects
@: mighty, lethally poisoned (0 -> -3)
A: large, unfitting armour, claws 3, regeneration 1, shaggy fur 1, tough skin 1
a: no special abilities


You were on level 2 of the Dungeon.
You visited 1 branch of the dungeon, and saw 2 of its levels.

You collected 34 gold pieces.

Inventory:

Armour
 a - a +0 robe (worn)
 b - a +0 kite shield (worn)
Scrolls
 h - a scroll of immolation {unknown}
 i - a scroll of poison {unknown}
Potions
 d - a potion of curing {unknown}
 e - 2 potions of invisibility {unknown}
 f - a potion of enlightenment {unknown}
 g - a potion of ambrosia {unknown}


   Skills:
 + Level 2.6 Fighting
 - Level 2.4 Dodging
 + Level 3.0 Shields
 * Level 2.7 Unarmed Combat


You had one spell level left.
You didn't know any spells.
Your spell library contained the following spells:

 Spells                   Type           Power      Damage    Failure   Level
 Freeze                   Ice            0%         1d3       77%         1
 Frozen Ramparts          Ice            0%         1d1       98%         3
 Hailstorm                Conj/Ice       0%         3d3       98%         3


Dungeon Overview and Level Annotations

Branches:
Dungeon (2/15)

Altars:

Shops:
D:1 ?


Innate Abilities, Weirdness & Mutations

You are too large for most types of armour.
You have claws for hands.
Your natural rate of healing is unusually fast.
You are covered in fur. (AC +1)
You have tough skin. (AC +1)


Message History

The adder is heavily wounded.
The ball python bites you. The adder bites you.
You are poisoned.
The adder poisons you! The kobold hits you but does no damage.
You are more poisoned.
The kobold throws a stone.
The stone barely misses you. The ball python bites you.
You block the adder's attack.
Okay, then.
You feel very mighty all of a sudden.
You feel very sick. The adder bites you. The ball python closely misses you.
You block the kobold's attack.
You closely miss the adder.
The adder is heavily wounded.
You feel very sick. You block the adder's attack.
You block the ball python's attack. The kobold hits you but does no damage.
You block the kobold's attack.
You barely miss the adder.
The adder is heavily wounded.
You feel sick. The adder barely misses you. The ball python bites you.
* * * LOW HITPOINT WARNING * * *
You block the kobold's attack.
The kobold hits you with a +0 short sword.
* * * LOW HITPOINT WARNING * * *
The adder closely misses you. The ball python completely misses you.
You miss the adder.
The adder is heavily wounded.
You feel sick. The adder bites you but does no damage.
The kobold barely misses you.
The kobold hits you with a +0 short sword.
* * * LOW HITPOINT WARNING * * *
You block the ball python's attack. The adder closely misses you.
You barely miss the adder.
The adder is heavily wounded.
You feel sick. The ball python barely misses you.
The kobold hits you with a +0 dagger of venom.
* * * LOW HITPOINT WARNING * * *
You are lethally poisoned!
The kobold hits you with a +0 short sword.
You die...

.......># #######
#######.# .).....
#.# ....... #.# #
.......### #.# #
.........#######.#
#
.........##......#
......SK.##.####.#
......K@....# #.#
......S#....# #.#
.......#....# #.#
.......+....# #.#
.......###### #.#
....... #.#
#####+#


You could see an adder, a ball python and 2 kobolds.

Vanquished Creatures
  An adder (D:2)
  2 ball pythons (D:1)
  2 endoplasms (D:1)
  A giant cockroach (D:1)
  2 hobgoblins (D:1)
  A bat (D:1)
  3 kobolds (D:1)
  3 rats (D:1)
15 creatures vanquished.

Notes
Turn   | Place    | Note
-------+----------+-------------------------------------------
     0 | D:1      | Avanven the Troll Fighter began the quest for the Orb.
     0 | D:1      | Reached XP level 1. HP: 22/22 MP: 0/0
   251 | D:1      | Reached XP level 2. HP: 29/29 MP: 1/1
   268 | D:1      | Found Qyxom's Magic Scroll Emporium.
   748 | D:2      | Reached skill level 3 in Shields
   817 | D:2      | HP: 1/29 [kobold/+0 dagger of venom (1)]
   817 | D:2      | Slain by a kobold

Illustrated notes

Levels and vault maps discovered:
D:1:      lemuel_arrival_hallway, layout_loops_ring, serial_shops,
          nicolae_shop_back_alley_shop
D:2:      layout_basic, uniq_robin

Skill      XL: |  1  2 |
---------------+-------+-----
Shields        | 3 |  3.0
Fighting       | |  2.6
Dodging        | |  2.4
Unarmed Combat | |  2.7

Action                     || total
---------------------------++-------
  Melee: Unarmed           ||    55
    Use: Potion            ||     1
 Armour: Robe              ||    41
  Dodge: Dodged            ||    22
  Block: Kite shield       ||    16

Table legend: (Time is in decaauts)
 A = Elapsed time spent in this place.
 B = Non-inter-level travel time spent in this place.
 C = Inter-level travel time spent in this place.
 D = Time resting spent in this place.
 E = Time spent auto-exploring this place.
 F = Levels seen in this place.
 G = Mean time per level.
                   A        B        C        D        E       F      G
               +--------+--------+--------+--------+--------+-----+--------+
         Total |    820 |    786 |     34 |      0 |    673 |   2 |  410.0 |
       Dungeon |    820 |    786 |     34 |      0 |    673 |   2 |  410.0 |
               +--------+--------+--------+--------+--------+-----+--------+

Top non-repeatable levels by time:
     D:1: 725 daAuts
     D:2: 95 daAuts
